 Dungeon Crawl Stone Soup version 0.23-a0-481-g60b89c1 (webtiles) character file.

169 XanderDroid the Covered (level 5, 0/41 HPs)
             Began as a Gnoll Wanderer on Nov 29, 2018.
             Succumbed to Crazy Yiuf's poison
             ... on level 2 of the Dungeon.
             The game lasted 00:05:10 (1210 turns).

XanderDroid the Covered (Gnoll Wanderer)            Turns: 1210, Time: 00:05:10

Health: 0/41       AC:  8    Str: 15    XL:     5   Next: 50%
Magic:  4/7        EV: 10    Int: 23    God:
Gold:   99         SH:  0    Dex: 11    Spells: 6/6 levels left

rFire    . . .     SeeInvis .   a - +2 falchion
rCold    + . .     Gourm    .   (no shield)
rNeg     . . .     Faith    .   r - +2 ring mail {rC+}
rPois    .         Spirit   .   (no helmet)
rElec    .         Reflect  .   (no cloak)
rCorr    .         Harm     .   (no gloves)
MR       .....     Rnd*Tele +   (no boots)
Stlth    +.........             (no amulet)
HPRegen  0.13/turn              l - ring of teleportation (curse)
MPRegen  0.10/turn              q - +5 ring of intelligence

@: lethally poisoned (0 -> -12), hasted, drained, very quick
A: distributed training, fangs 1, strong nose
a: no special abilities


You were on level 2 of the Dungeon.
You were not hungry.

You visited 1 branch of the dungeon, and saw 2 of its levels.

You collected 99 gold pieces.

Inventory:

Hand Weapons
 a - a +2 falchion (weapon)
 b - a +2 whip of electrocution
Armour
 r - a +2 ring mail of cold resistance (worn)
Jewellery
 l - a cursed ring of teleportation (left hand)
 q - a +5 ring of intelligence (right hand)
Scrolls
 h - 4 scrolls of identify {unknown}
 j - 2 scrolls of blinking {unknown}
 k - a scroll of amnesia {unknown}
 m - a scroll of enchant weapon {unknown}
 s - a scroll of remove curse {unknown}
 u - 3 scrolls of immolation {unknown}
Potions
 e - a potion of magic {unknown}
 g - 2 potions of might {unknown}
 i - 2 potions of mutation {unknown}
 n - a potion of lignification {unknown}
 o - a potion of brilliance {unknown}
 p - a potion of heal wounds {unknown}
Comestibles
 d - 3 rations
 f - 3 chunks of flesh


   Skills:
 + Level 3.0(2.5) Fighting
 + Level 1.4(1.0) Short Blades
 + Level 6.7(6.2) Long Blades
 + Level 1.4(1.0) Axes
 + Level 1.4(1.0) Maces & Flails
 + Level 1.4(1.0) Polearms
 + Level 1.4(1.0) Staves
 + Level 1.4(1.0) Slings
 + Level 1.4(1.0) Bows
 + Level 1.4(1.0) Crossbows
 + Level 3.0(2.5) Throwing
 + Level 6.7(6.2) Armour
 + Level 1.4(1.0) Dodging
 + Level 2.7(2.3) Stealth
 + Level 1.4(1.0) Shields
 + Level 1.4(1.0) Unarmed Combat
 + Level 1.4(1.0) Spellcasting
 + Level 1.1(0.7) Conjurations
 + Level 1.1(0.7) Hexes
 + Level 1.1(0.7) Charms
 + Level 1.1(0.7) Summonings
 + Level 1.1(0.7) Necromancy
 + Level 1.1(0.7) Translocations
 + Level 1.1(0.7) Transmutations
 + Level 1.1(0.7) Fire Magic
 + Level 1.1(0.7) Ice Magic
 + Level 1.1(0.7) Air Magic
 + Level 1.1(0.7) Earth Magic
 + Level 1.1(0.7) Poison Magic
 + Level 1.6(1.2) Invocations
 + Level 3.0(2.5) Evocations


You had 6 spell levels left.
You didn't know any spells.
Your spell library was empty.

Dungeon Overview and Level Annotations

Branches:
Dungeon (2/15)

Altars:


Innate Abilities, Weirdness & Mutations

Your experience applies equally to all skills.
You have very sharp teeth.
Your uncanny sense of smell can sniff out nearby items.


Message History

Crazy Yiuf is moderately wounded.
Crazy Yiuf barely misses you.
You riposte.
You hit Crazy Yiuf.
Crazy Yiuf is heavily wounded.
You hit Crazy Yiuf.
Crazy Yiuf is severely wounded.
You closely miss Crazy Yiuf.
Crazy Yiuf is severely wounded.
Crazy Yiuf hits you with a +3 quarterstaff of chaos.
You feel your power leaking away.
You hit Crazy Yiuf.
Crazy Yiuf is almost dead.
Crazy Yiuf hits you with a +3 quarterstaff of chaos!
* * * LOW HITPOINT WARNING * * *
You are lethally poisoned!
You slash Crazy Yiuf!
You kill Crazy Yiuf!
Your base Fighting skill increases to level 3!
Your base Throwing skill increases to level 3!
Your base Evocations skill increases to level 3!
You die...

. #........###.### #.. #
#.......####...## #.. #
#........##...#.## #..
###########################.###..
#...##....# #....... #.#.##....#
##.###.. ..#.#.....# #####
♣♣##......# ###.#..(.># #)..#♣♣
♣♣.....##### #.÷.....#
#..)@.♣♣♣♣......# ####.#.##
#...#♣..♣.♣....## #.#.#
#####♣♣♣.♣....## #.#.# ♣♣♣♣♣###
#.#.# #.#.. [?. .#


There were no monsters in sight!

Vanquished Creatures
  Crazy Yiuf (D:2)
  Natasha (thrice) (D:2)
  2 adders (D:2)
  An ooze (D:1)
  A worm (D:2)
  2 leopard geckos
  7 bats
  A giant cockroach (D:1)
  7 hobgoblins
  2 jackals (D:1)
  5 kobolds
  2 frilled lizards (D:2)
  4 goblins
  5 rats
43 creatures vanquished.

Notes
Turn   | Place    | Note
-------+----------+-------------------------------------------
     0 | D:1      | XanderDroid the Gnoll Wanderer began the quest for the Orb.
     0 | D:1      | XanderDroid set off with the following items: a +2
                  | falchion, a +0 mace, a +0 ring mail, a ration
     0 | D:1      | Reached XP level 1. HP: 17/17 MP: 2/2
   124 | D:1      | Reached XP level 2. HP: 23/23 MP: 3/3
   526 | D:1      | Reached XP level 3. HP: 25/28 MP: 4/4
   753 | D:2      | Noticed Natasha
   756 | D:2      | Killed Natasha
   756 | D:2      | Reached skill level 1 in Short Blades
   756 | D:2      | Reached skill level 1 in Axes
   756 | D:2      | Reached skill level 1 in Maces & Flails
   756 | D:2      | Reached skill level 1 in Polearms
   756 | D:2      | Reached skill level 1 in Staves
   756 | D:2      | Reached skill level 1 in Slings
   756 | D:2      | Reached skill level 1 in Bows
   756 | D:2      | Reached skill level 1 in Crossbows
   756 | D:2      | Reached skill level 1 in Dodging
   756 | D:2      | Reached skill level 1 in Shields
   756 | D:2      | Reached skill level 1 in Unarmed Combat
   756 | D:2      | Reached skill level 1 in Spellcasting
   756 | D:2      | Reached skill level 1 in Invocations
   772 | D:2      | Reached XP level 4. HP: 31/34 MP: 6/6
   895 | D:2      | Noticed Natasha
   899 | D:2      | Killed Natasha
   900 | D:2      | Reached skill level 1 in Conjurations
   900 | D:2      | Reached skill level 1 in Hexes
   900 | D:2      | Reached skill level 1 in Charms
   900 | D:2      | Reached skill level 1 in Summonings
   900 | D:2      | Reached skill level 1 in Necromancy
   900 | D:2      | Reached skill level 1 in Translocations
   900 | D:2      | Reached skill level 1 in Transmutations
   900 | D:2      | Reached skill level 1 in Fire Magic
   900 | D:2      | Reached skill level 1 in Ice Magic
   900 | D:2      | Reached skill level 1 in Air Magic
   900 | D:2      | Reached skill level 1 in Earth Magic
   900 | D:2      | Reached skill level 1 in Poison Magic
  1039 | D:2      | Noticed Natasha
  1044 | D:2      | Killed Natasha
  1044 | D:2      | Reached XP level 5. HP: 31/40 MP: 7/7
  1193 | D:2      | Found a runed door.
  1197 | D:2      | Noticed Crazy Yiuf
  1209 | D:2      | HP: 1/40 [Crazy Yiuf/+3 quarterstaff of chaos (13)]
  1210 | D:2      | Killed Crazy Yiuf
  1210 | D:2      | Succumbed to Crazy Yiuf's poison

Vault maps used:
D:1:      minmay_arrival_arboretum_small
D:2:      first_ration, minmay_misc_feat_ornament, minmay_fountain_box,
          minmay_tromino_v4_a, uniq_crazy_yiuf_cottage, uniq_natasha

Skill      XL: |  1  2  3  4  5 |
---------------+----------------+-----
Short Blades   | 1 |  1.4
Axes           | 1 |  1.4
Maces & Flails | 1 |  1.4
Polearms       | 1 |  1.4
Staves         | 1 |  1.4
Slings         | 1 |  1.4
Bows           | 1 |  1.4
Crossbows      | 1 |  1.4
Dodging        | 1 |  1.4
Shields        | 1 |  1.4
Unarmed Combat | 1 |  1.4
Spellcasting   | 1 |  1.4
Invocations    | 1 |  1.6
Conjurations   | 1 |  1.1
Hexes          | 1 |  1.1
Charms         | 1 |  1.1
Summonings     | 1 |  1.1
Necromancy     | 1 |  1.1
Translocations | 1 |  1.1
Transmutations | 1 |  1.1
Fire Magic     | 1 |  1.1
Ice Magic      | 1 |  1.1
Air Magic      | 1 |  1.1
Earth Magic    | 1 |  1.1
Poison Magic   | 1 |  1.1
Fighting       | 3 |  3.0
Throwing       | 3 |  3.0
Evocations     | 3 |  3.0
Long Blades    | |  6.7
Armour         | |  6.7
Stealth        | |  2.7

Action                   |  1- 3 |  4- 6 || total
-------------------------+-------+-------++-------
Melee: Falchion          |    63 |    50 ||   113
       Bite              |     6 |     6 ||    12
 Stab: Sleeping          |       |     2 ||     2
  Eat: Chunk             |       |     1 ||     1
Armor: Ring mail         |    32 |    21 ||    53
Dodge: Dodged            |    42 |    28 ||    70
       Rpst.: Falchion   |    12 |     8 ||    20

Table legend:
 A = Non-vault XP
 B = Vault XP
 C = Vault XP percentage of total XP
 D = Non-vault monster count
 E = Vault monster count
 F = Vault count percentage of total count
                 A         B        C        D         E       F
            +---------+---------+-------+---------+---------+-------
      Total |     162 |      80 |  33.1 |      39 |       4 |   9.3
            +---------+---------+-------+---------+---------+-------
        D:1 |      40 |       0 |   0.0 |      20 |       0 |   0.0
        D:2 |     122 |      80 |  39.6 |      19 |       4 |  17.4
            +---------+---------+-------+---------+---------+-------
